 Dungeon Crawl Stone Soup version 0.30-a0-930-gb9d0489357 (webtiles) character file.

Game seed: 761048424514426384

0 DeathPants the Sneak (level 1, 0/11 HPs)
             Began as a Vine Stalker Delver on Mar 23, 2023.
             Succumbed to an adder's poison
             ... on level 5 of the Dungeon.
             The game lasted 00:01:07 (85 turns).

DeathPants the Sneak (Vine Stalker Delver)            Turns: 85, Time: 00:01:08

Health: 0/11       AC:  3    Str: 14    XL:     1   Next: 0%
Magic:  1/2        EV: 11    Int: 10    God:
Gold:   0          SH:  0    Dex: 15    Spells: 0/0 levels left

rFire   . . .      SeeInvis .    a - +0 short sword
rCold   . . .      Faith    .    (no shield)
rNeg    . . .      Spirit   +    b - +0 leather armour
rPois   .          Reflect  .    (no helmet)
rElec   .          Rampage  .    (no cloak)
rCorr   .                        (no gloves)
Will    .....                    (no boots)
Stlth   +++                      (no amulet)
HPRegen 0.21/turn                (no ring)
MPRegen 0.08/turn                (no ring)

@: lethally poisoned (0 -> -2), hasted, very quick
A: fangs 2, magic shield, antimagic bite, no potion heal 2
a: no special abilities


You were on level 5 of the Dungeon.
You visited 1 branch of the dungeon, and saw 3 of its levels.

Inventory:

Hand Weapons
 a - a +0 short sword (weapon)
Armour
 b - a +0 leather armour (worn)
Wands
 g - a wand of digging (3)
Scrolls
 c - a scroll of fog
 d - a scroll of magic mapping
 e - a scroll of fear
 h - a scroll of identify {unknown}
 i - a scroll of enchant weapon {unknown}


   Skills:
 + Level 2.6 Fighting
 + Level 1.7 Short Blades
 + Level 1.5 Dodging
 + Level 6.0 Stealth


You couldn't memorise any spells.
You didn't know any spells.
Your spell library was empty.

Dungeon Overview and Level Annotations

Branches:
Dungeon (6/15)
 Temple: D:4-7

Altars:

Annotations:
D:6 Blork the orc


Innate Abilities, Weirdness & Mutations

You have extremely sharp teeth.
When hurt, damage is shared between your health and your magic reserves.
Your bite disrupts and absorbs the magic of your enemies.
Potions cannot restore your health.


Message History

You assume a fearsome visage.
The jelly looks frightened!
Found a scroll labelled RYUSTR MIGAK.
An iguana comes into view.
Found a scroll of fear.
Found 3 stones.
An adder comes into view.
You see here a scroll labelled RYUSTR MIGAK.
i - a scroll labelled RYUSTR MIGAK The adder hisses angrily.
The adder barely misses you.
You see here a scroll of fear.
You barely miss the adder. The adder bites you.
You are poisoned.
The adder poisons you! The adder closely misses you.
You hit the adder. You bite the adder. You drain its power.
You feel invigorated.
The adder is severely wounded.
You feel sick. The adder bites you but does no damage.
You closely miss the adder. Your bite misses the adder.
The adder is severely wounded.
You feel sick. The adder bites you.
You are lethally poisoned!
The adder poisons you!
You hit the adder. Your bite misses the adder.
The adder is almost dead.
You feel sick. The adder barely misses you.
You feel yourself speed up.
* * * LOW HITPOINT WARNING * * *
You feel sick. The adder barely misses you.
You miss the adder.
The adder is almost dead.
The adder barely misses you.
You hit the adder but do no damage. Your bite misses the adder.
The adder is almost dead.
* * * LOW HITPOINT WARNING * * *
You feel sick. The adder bites you.
* * * LOW HITPOINT WARNING * * *
You hit the adder.
You kill the adder!
You die...

#.# #.# ##### #.#..
#....########.#.....
#............... ....
#.............#.#.[.#
..........(..##. ..# #
#.........@##..#.# .#
#..........##..#.###.#
#..............#.....#
####..........##..#.....#
#.............##.##.....#
#........#####..........#
#........# #.#........#
#........#####..........#
#..................#.......


There were no monsters in sight!

Vanquished Creatures
  An adder (D:5)
1 creature vanquished.

Notes
Turn   | Place    | Note
-------+----------+-------------------------------------------
     0 | D:5      | DeathPants the Vine Stalker Delver began the quest for the
                  | Orb.
     0 | D:5      | Reached XP level 1. HP: 11/11 MP: 2/2
    10 | D:6      | Noticed Blork the orc
    20 | D:4      | Noticed a hound
    39 | D:5      | Noticed a jelly
    61 | D:5      | Noticed an iguana
    85 | D:5      | Succumbed to an adder's poison

Illustrated notes

Levels and vault maps discovered:
D:4:      layout_rooms, mainiacjoe_overflow_24_doors, temple_fountains,
          minivault_11
D:5:      old_forge, layout_basic, makhleb_blood_cavern_becter,
          grunt_qazlal_clouds, mainiacjoe_overflow_tiny_flanked,
          nicolae_uskayaw_dance_hall, uniq_menkaure
D:6:      layout_basic, trog_butcher_becter, nicolae_ashenzari_skybound,
          serial_shops, shop, kennysheep_path_1, small_statue_alley_b,
          kennysheep_potato, uniq_blork_the_orc, uniq_prince_ribbit1

Action                     || total
---------------------------++-------
  Melee: Short sword       ||     7
         Bite              ||     1
    Use: Scroll            ||     1
         Potion            ||     1
 Armour: Leather armour    ||     1
  Dodge: Dodged            ||     5

Table legend: (Time is in decaauts)
 A = Elapsed time spent in this place.
 B = Non-inter-level travel time spent in this place.
 C = Inter-level travel time spent in this place.
 D = Time resting spent in this place.
 E = Time spent auto-exploring this place.
 F = Levels seen in this place.
 G = Mean time per level.
                   A        B        C        D        E       F      G
               +--------+--------+--------+--------+--------+-----+--------+
         Total |     84 |     84 |      0 |      0 |     16 |   3 |   28.0 |
       Dungeon |     84 |     84 |      0 |      0 |     16 |   3 |   28.0 |
               +--------+--------+--------+--------+--------+-----+--------+

Top non-repeatable levels by time:
     D:5: 81 daAuts
     D:6: 1 daAuts
     D:4: 1 daAuts
